 Dungeon Crawl Stone Soup version 0.25-a0-310-g60f0ac2d9a (webtiles) character file.

Game seed: 4993300031469033704, levelgen mode: classic

17 Borgoz the Slasher (level 2, 0/18 HPs)
             Began as a Gargoyle Gladiator on Dec 23, 2019.
             Slain by a gnoll
             ... wielding a +0 spear
              (7 damage)
             ... on level 2 of the Dungeon.
             The game lasted 00:00:37 (687 turns).

Borgoz the Slasher (Gargoyle Gladiator)              Turns: 687, Time: 00:00:37

Health: 0/18       AC:  8    Str: 17    XL:     2   Next: 62%
Magic:  2/2        EV: 12    Int:  8    God:
Gold:   63         SH:  0    Dex: 11    Spells: 1/1 levels left

rFire    . . .     SeeInvis .   a - +0 long sword
rCold    . . .     Gourm    .   (no shield)
rNeg     + . .     Faith    .   b - +0 leather armour
rPois    ∞         Spirit   .   c - +0 helmet
rElec    +         Reflect  .   (no cloak)
rCorr    .         Harm     .   k - +0 pair of gloves
MR       .....                  (no boots)
Stlth    +.........             (no amulet)
HPRegen  0.06/turn              (no ring)
MPRegen  0.08/turn              (no ring)

@: no status effects
A: negative energy resistance 1, electricity resistance, unbreathing,
petrification resistance, rot immunity, AC +2
a: no special abilities


You were on level 2 of the Dungeon.
You were not hungry.

You visited 1 branch of the dungeon, and saw 2 of its levels.

You collected 63 gold pieces.

Inventory:

Hand Weapons
 a - a +0 long sword (weapon)
Missiles
 d - 3 throwing nets (quivered)
Armour
 b - a +0 leather armour (worn)
 c - a +0 helmet (worn)
 k - a +0 pair of gloves (worn)
Scrolls
 j - a scroll of fog {unknown}
 l - a scroll of enchant weapon {unknown}
Potions
 e - 3 potions of curing {unknown}
 g - a potion of degeneration {unknown}
 h - a potion of invisibility {unknown}
Comestibles
 f - 5 rations
 i - 3 chunks of flesh


   Skills:
 * Level 2.5 Fighting
 * Level 2.9 Long Blades
 - Level 1.7 Throwing
 * Level 1.1 Armour
 * Level 2.6 Dodging


You had one spell level left.
You didn't know any spells.
Your spell library was empty.

Dungeon Overview and Level Annotations

Branches:
Dungeon (2/15)

Altars:


Innate Abilities, Weirdness & Mutations

You are resistant to torment.
Your stone body is resilient. (AC +2)
You are immune to poison.
You resist negative energy. (rN+)
You are resistant to electric shocks. (rElec)
You can survive without breathing.
You are immune to petrification.
You are immune to rotting.


Message History

You barely miss the gnoll. The gnoll barely misses you.
You riposte.
You closely miss the gnoll. You closely miss the gnoll. The gnoll hits you.
You hit the gnoll.
The gnoll is heavily wounded.
The gnoll misses you. The gnoll hits you. The gnoll closely misses you.
You riposte.
You closely miss the gnoll. The gnoll hits you but does no damage.
The gnoll closely misses you. The gnoll hits you.
The gnoll throws a throwing net.
The throwing net hits you.
You become entangled in the net!
You see here a throwing net.
You struggle against the net.
The gnoll hits you but does no damage.
You struggle against the net.
The gnoll hits you but does no damage.
You tear a large gash into the net.
The gnoll hits you but does no damage. The gnoll hits you.
You shred the net and break free!
The gnoll hits you from afar with a +0 spear!
You die...

### ..# #.# #.#
## #.# . #.#
#.#@#
#.###.#g#######
......gg.......
#.###.#.########
........##......
................
...........##[.#
..P........##..#
♣♣P.P♣♣♣..<....#


You could see 3 gnolls.

Vanquished Creatures
  A leopard gecko (D:1)
  2 bats (D:1)
  3 goblins (D:1)
  3 hobgoblins (D:1)
  4 kobolds (D:1)
  A frilled lizard (D:1)
14 creatures vanquished.

Notes
Turn   | Place    | Note
-------+----------+-------------------------------------------
     0 | D:1      | Borgoz the Gargoyle Gladiator began the quest for the Orb.
     0 | D:1      | Reached XP level 1. HP: 12/12 MP: 1/1
   280 | D:1      | Reached XP level 2. HP: 10/18 MP: 2/2
   533 | D:1      | Reached skill level 1 in Armour
   687 | D:2      | Slain by a gnoll

Levels and vault maps discovered:
D:1:      onia_arrival_pentagram, layout_loops_ring, minmay_fountain_box
D:2:      layout_basic, first_ration, kennysheep_boxes

Skill      XL: |  1  2 |
---------------+-------+-----
Armour         | 1 |  1.1
Fighting       | |  2.5
Long Blades    | |  2.9
Throwing       | |  1.7
Dodging        | |  2.6

Action                   || total
-------------------------++-------
Melee: Long sword        ||    43
Armor: Leather armour    ||    21
Dodge: Dodged            ||    36
       Rpst.: Long sword ||    10

Table legend:
 A = Non-vault XP
 B = Vault XP
 C = Vault XP percentage of total XP
 D = Non-vault monster count
 E = Vault monster count
 F = Vault count percentage of total count
                 A         B        C        D         E       F
            +---------+---------+-------+---------+---------+-------
      Total |      25 |       0 |   0.0 |      14 |       0 |   0.0
            +---------+---------+-------+---------+---------+-------
        D:1 |      25 |       0 |   0.0 |      14 |       0 |   0.0
            +---------+---------+-------+---------+---------+-------
